 Dungeon Crawl Stone Soup version 0.31-a0-977-gc230f8ef24 (webtiles) character file.

Game seed: 4990023661492739836

89 Shayle the Ducker (level 4, 0/28 HPs)
             Began as a Tengu Hexslinger on Oct 30, 2023.
             Slain by an ice beast (6 damage)
             ... on level 3 of the Dungeon.
             The game lasted 00:02:41 (2155 turns).

Shayle the Ducker (Tengu Hexslinger)                Turns: 2155, Time: 00:02:43

Health: 0/28       AC:  6    Str:  9    XL:     4   Next: 55%
Magic:  6/6        EV: 11    Int: 15    God:
Gold:   165        SH:  0    Dex: 16    Spells: 3/5 levels left

rFire   . . .        a - +1 sling
rCold   + . .        (no shield)
rNeg    . . .        i - +0 ring mail
rPois   .            (helmet restricted)
rElec   .            k - +0 cloak
rCorr   .            (no gloves)
SInv    .            (boots unavailable)
Will    .....        (no amulet)
Stlth   +            e - ring of protection from cold
HPRegen 0.24/turn    (no ring)
MPRegen 0.10/turn

%: acrobat
@: no status effects
A: beak, talons 3, acrobatic
a: no special abilities


You were on level 3 of the Dungeon.
You visited 1 branch of the dungeon, and saw 3 of its levels.

You collected 165 gold pieces.

Inventory:

Hand Weapons
 a - a +1 sling (weapon)
Armour
 c - a +0 robe
 i - a +0 ring mail (worn)
 k - a +0 cloak (worn)
Jewellery
 e - a ring of protection from cold (left hand)
Scrolls
 b - a scroll of poison
 d - a scroll of noise {unknown}
 g - 2 scrolls of blinking
 h - a scroll of fog {unknown}
 j - a scroll of teleportation
 l - a scroll of immolation {unknown}
 m - a scroll of enchant armour {unknown}
 p - a scroll of butterflies {unknown}
Potions
 f - a potion of curing
 n - 2 potions of brilliance
 o - a potion of cancellation


   Skills:
 + Level 3.0 Fighting
 - Level 2.1 Ranged Weapons
 + Level 3.9 Dodging
 - Level 1.0 Spellcasting
 - Level 2.1 Hexes
 - Level 1.1 Fire Magic


You had 3 spell levels left.
You knew the following spells:

 Your Spells              Type           Power      Damage    Failure   Level
a - Jinxbite              Hex            14%        N/A       38%         2

Your spell library contained the following spells:

 Spells                   Type           Power      Damage    Failure   Level
 Sigil of Binding         Hex            7%         N/A       63%         3
 Inner Flame              Hex/Fire       5%         N/A       71%         3
 Cause Fear               Hex            3%         N/A       95%         4
 Dimensional Bullseye     Hex/Tloc       2%         N/A       99%         4


Dungeon Overview and Level Annotations

Branches:
Dungeon (3/15)

Altars:

Shops:
D:2 =


Innate Abilities, Weirdness & Mutations

You have a beak for a mouth.
You have claws for feet.
You can magically evade attacks while moving or waiting.


Message History

Your Fighting skill increases to level 3!
You feel sick.
You see here an adder corpse.
You feel sick.
You see here a +0 flail.
You feel sick.
You feel sick.
You feel sick.
You are no longer poisoned.
There is a stone staircase leading up here.
You climb upwards.
There is a stone staircase leading down here.
You start resting.
HP restored.
You climb downwards.
There is a stone staircase leading up here.
An ice beast comes into view.
An ice beast is nearby!
Found a stone staircase leading down.
There is a stone staircase leading up here.
You shoot a sling bullet. The sling bullet hits the ice beast.
The ice beast is lightly wounded.
You shoot a sling bullet.
The sling bullet barely misses the ice beast.
You shoot a sling bullet.
The sling bullet barely misses the ice beast.
The ice beast hits you. The ice beast freezes you. You resist.
You shoot a sling bullet.
The sling bullet closely misses the ice beast.
The ice beast misses you. The ice beast barely misses you.
You shoot a sling bullet.
The sling bullet closely misses the ice beast.
The ice beast hits you. The ice beast freezes you. You resist.
You shoot a sling bullet. The sling bullet hits the ice beast.
The ice beast is moderately wounded.
The ice beast hits you. The ice beast freezes you! You resist.
The ice beast hits you.
* * * LOW HITPOINT WARNING * * *
The ice beast freezes you. You resist.
You die...

..# ..# #.#
..>#
#.###.#.#
#........
##.......#
#........#
#.# #Y# #@# #
#.# #. #.# ..
#.#
#.#####.###.#
#..†).......#
#######.#####
#.# #.#


You could see an ice beast.

Vanquished Creatures
  5 adders
  An orc (D:3)
  2 ball pythons
  3 endoplasms
  2 giant cockroaches (D:2)
  4 goblins
  5 hobgoblins
  3 jackals (D:2)
  3 quokkas (D:1)
  3 bats
  3 frilled lizards
  3 kobolds
  5 rats
42 creatures vanquished.

Notes
Turn   | Place    | Note
-------+----------+-------------------------------------------
     0 | D:1      | Shayle the Tengu Hexslinger began the quest for the Orb.
     0 | D:1      | Reached XP level 1. HP: 12/12 MP: 3/3
   239 | D:1      | Reached XP level 2. HP: 16/16 MP: 4/4
  1022 | D:2      | Reached XP level 3. HP: 18/21 MP: 5/5
  1061 | D:1      | Learned a level 2 spell: Jinxbite
  1592 | D:2      | Reached XP level 4. HP: 24/27 MP: 6/6
  1668 | D:2      | Found Weqetzaq's One-of-a-Kind Rings.
  2146 | D:3      | Noticed an ice beast
  2155 | D:3      | Slain by an ice beast

Illustrated notes

Levels and vault maps discovered:
D:1:      denvon_arrival_planthouse, layout_basic, nrook_loot_triangle
D:2:      layout_basic, minmay_parallelograms, nicolae_shop_unique_rings,
          minmay_misc_feat_four_crosses, palyth_stone_intersect
D:3:      gammafunk_wand_slinger, layout_basic, serial_shops, shop_coins, shop,
          nicolae_shop_rolling_square, nicolae_book_shop_shelving

Skill      XL: |  1  2  3  4 |
---------------+-------------+-----
Dodging        | 3 |  3.9
Fighting       | 2 3 |  3.0
Ranged Weapons | |  2.1
Spellcasting   | |  1.0
Hexes          | |  2.1
Fire Magic     | |  1.1

Action                     |  1- 3 |  4- 6 || total
---------------------------+-------+-------++-------
  Melee: Sling             |     1 |       ||     1
         Kick              |     1 |       ||     1
   Fire: Sling             |    99 |    48 ||   147
    Use: Potion            |     1 |       ||     1
         Scroll            |       |     5 ||     5
 Armour: Robe              |    18 |       ||    18
         Ring mail         |     6 |    44 ||    50
  Dodge: Dodged            |    36 |    52 ||    88

Table legend: (Time is in decaauts)
 A = Elapsed time spent in this place.
 B = Non-inter-level travel time spent in this place.
 C = Inter-level travel time spent in this place.
 D = Time resting spent in this place.
 E = Time spent auto-exploring this place.
 F = Levels seen in this place.
 G = Mean time per level.
                   A        B        C        D        E       F      G
               +--------+--------+--------+--------+--------+-----+--------+
         Total |   2222 |   2160 |     62 |    113 |   1678 |   3 |  740.7 |
       Dungeon |   2222 |   2160 |     62 |    113 |   1678 |   3 |  740.7 |
               +--------+--------+--------+--------+--------+-----+--------+

Top non-repeatable levels by time:
     D:2: 1206 daAuts
     D:1: 974 daAuts
     D:3: 41 daAuts
